[Event "Titled Tuesday Blitz March 28 Late 2023"]
[White "Li, Eric"]
[Black "Karas, Marek"]
[WhiteFideId "30939941"]
[BlackFideId "14928558"]
[WhiteElo "2262"]
[BlackElo "2233"]
[Result "0-1"]
[Round "05"]
[TimeControl "180+2"]
[Date "2023.03.28"]
[WhiteClock "0:00:02"]
[BlackClock "0:00:38"]

1. d4 Nf6 2. c4 c5 3. d5 b5 4. cxb5 a6 5. bxa6 e6 6. Nc3 exd5 7. Nxd5 Nxd5 8. Qxd5 Nc6 9. e4 Bxa6 10. Bxa6 Qa5+ 11. Bd2 Qxa6 12. Ne2 Be7 13. Bc3 O-O 14. Qxd7 Rfd8 15. Qg4 Nd4 16. Bxd4 cxd4 17. O-O d3 18. Nc3 Bf6 19. Nd5 Bxb2 20. Nc7 Qc6 21. Nxa8 Bxa1 22. Rxa1 Qxa8 23. a4 d2 24. Qd1 Qxe4 25. a5 Qd4 26. Rb1 Re8 27. Qf1 Qc3 28. a6 h6 29. a7 Kh7 30. Ra1 Qxa1 0-1


[Site "https://www.chess.com"]

[Event "Titled Tuesday Blitz March 28 Late 2023"]
[White "Ronka, Erik"]
[Black "Djordjevic, Dejan N"]
[WhiteFideId "505080"]
[BlackFideId "913316"]
[WhiteElo "2264"]
[BlackElo "2261"]
[Result "1-0"]
[Round "05"]
[TimeControl "180+2"]
[Date "2023.03.28"]
[WhiteClock "0:00:14"]
[BlackClock "0:00:07"]

1. e4 c5 2. Nf3 Nc6 3. Bb5 g6 4. Bxc6 dxc6 5. d3 Bg7 6. h3 e5 7. a4 a5 8. Nbd2 b6 9. Nc4 Qc7 10. Be3 Rb8 11. O-O Ba6 12. Nfd2 Nf6 13. f4 Nd7 14. f5 f6 15. Qg4 Nf8 16. Kh1 Bc8 17. Qf3 g5 18. Qh5+ Ke7 19. Bxg5 fxg5 20. f6+ Bxf6 21. Rxf6 Kxf6 22. Rf1+ Kg7 23. Nxe5 Ng6 24. Rf7+ Qxf7 25. Nxf7 Kxf7 26. Qxg5 Be6 27. Nf3 Rhf8 28. Qh6 Rh8 29. Ng5+ Kf6 30. Nxh7+ Kf7 31. Ng5+ Kf6 32. e5+ Kf5 33. g4+ Kxe5 34. Qxg6 Bd5+ 35. Kg1 c4 36. Qf5+ Kd4 37. Qf6+ Kc5 38. d4+ Kb4 39. Qf2 Kxa4 40. Qe1 1-0


[Site "https://www.chess.com"]

[Event "Titled Tuesday Blitz March 28 Late 2023"]
[White "Manu_ChessExcelsior"]
[Black "Vovk, Orest"]
[BlackFideId "14113490"]
[WhiteElo "2116"]
[BlackElo "2215"]
[Result "0-1"]
[Round "05"]
[TimeControl "180+2"]
[Date "2023.03.28"]
[WhiteClock "0:00:05"]
[BlackClock "0:00:13"]

1. e4 g5 2. d4 g4 3. Qxg4 d5 4. Qe2 dxe4 5. Qxe4 Nf6 6. Qd3 Nc6 7. c3 Qd5 8. Nf3 Bf5 9. Qb5 Qe4+ 10. Be3 O-O-O 11. Nbd2 Qc2 12. Be2 Rg8 13. O-O Bh3 14. Nh4 Rd5 15. Qb3 Bxg2 16. Nxg2 Qg6 17. Bf3 Rf5 18. Qd1 Bh6 19. Kh1 Nd8 20. Rg1 Bxe3 21. fxe3 Qh6 22. Qe2 Ne6 23. Nf4 Rxg1+ 24. Rxg1 Ng5 25. Bg2 e6 26. Qd3 Ng4 27. Qe2 Qxh2# 0-1


[Site "https://www.chess.com"]

[Event "Titled Tuesday Blitz March 28 Late 2023"]
[White "Oliveira, Tiago Batista"]
[Black "Petukhov, Dmitry"]
[WhiteFideId "2108291"]
[BlackFideId "4142748"]
[WhiteElo "1962"]
[BlackElo "2311"]
[Result "0-1"]
[Round "05"]
[TimeControl "180+2"]
[Date "2023.03.28"]
[WhiteClock "0:00:07"]
[BlackClock "0:00:38"]

1. d4 Nf6 2. c4 g6 3. Nc3 d5 4. cxd5 Nxd5 5. e4 Nxc3 6. bxc3 Bg7 7. Be3 c5 8. Rc1 Qa5 9. Qd2 Nc6 10. d5 Ne5 11. c4 Qxd2+ 12. Kxd2 Ng4 13. Bxc5 b6 14. Be3 Nxe3 15. Kxe3 Bh6+ 16. f4 e5 17. g3 Be6 18. dxe6 fxe6 19. Ne2 exf4+ 20. gxf4 e5 21. Bh3 exf4+ 22. Kf3 Rd8 23. Rcd1 Ke7 24. Nd4 Kf6 25. Nc6 Rdf8 26. Rd6+ Kg5 27. Rg1+ Kh4 28. Bf1 Bg7 29. Rd5 h5 30. Rxg6 Bc3 31. Rd3 Ba1 32. e5 Rhg8 33. Rxg8 Rxg8 34. e6 Bf6 35. e7 Bxe7 36. Nxe7 Rg1 37. Nf5+ Kg5 38. Rd5 Rxf1+ 39. Ke2 Ra1 40. Nd6+ Kg4 41. Rd2 Rh1 42. Kd3 h4 43. Ne4 Rg1 44. a4 h3 45. Nf2+ Kh4 46. Ke2 Rg2 47. Rd4 Rxh2 48. Kf3 Kg5 49. Rxf4 Rxf2+ 50. Kxf2 Kxf4 51. a5 bxa5 52. c5 Ke5 0-1


[Site "https://www.chess.com"]

[Event "Titled Tuesday Blitz March 28 Late 2023"]
[White "Karamsetty, Jeevan"]
[Black "Pirvulescu, Ekaterina"]
[WhiteFideId "2025337"]
[BlackFideId "13506374"]
[WhiteElo "2111"]
[BlackElo "2006"]
[Result "1-0"]
[Round "05"]
[TimeControl "180+2"]
[Date "2023.03.28"]
[WhiteClock "0:00:12"]
[BlackClock "0:00:02"]

1. e4 Nf6 2. e5 Nd5 3. d4 d6 4. c4 Nb6 5. exd6 cxd6 6. Nc3 g6 7. Nf3 Bg7 8. Be2 Bg4 9. b3 O-O 10. O-O d5 11. c5 Nc8 12. h3 Bxf3 13. Bxf3 e6 14. b4 Nc6 15. Be3 Nxb4 16. Rb1 Nc6 17. Rxb7 Qa5 18. Qd2 N8e7 19. Rfb1 Nf5 20. R1b5 Qd8 21. Ne2 Nh4 22. Bg4 h5 23. Bg5 Bf6 24. Bxh4 Bxh4 25. Bf3 Bg5 26. Qb2 Na5 27. c6 Nxc6 28. Qa3 Bf6 29. Qa4 a6 30. R5b6 Ne7 31. Rxa6 Rxa6 32. Qxa6 Nf5 33. Qa4 Qe8 34. Qd1 Qc8 35. Rb3 Qc4 36. Rd3 1-0


[Site "https://www.chess.com"]

[Event "Titled Tuesday Blitz March 28 Late 2023"]
[White "Lorenzo De La Riva, Lazaro"]
[Black "Gokerkan, Cem Kaan"]
[WhiteFideId "2268809"]
[BlackFideId "6336760"]
[WhiteElo "2294"]
[BlackElo "2365"]
[Result "0-1"]
[Round "05"]
[TimeControl "180+2"]
[Date "2023.03.28"]
[WhiteClock "0:00:09"]
[BlackClock "0:00:08"]

1. d4 Nf6 2. Nf3 g6 3. e3 Bg7 4. Be2 O-O 5. b3 c5 6. Bb2 cxd4 7. exd4 d5 8. h3 Nc6 9. O-O Bf5 10. Nh4 Be6 11. Nd2 Rc8 12. c3 Ne4 13. Nhf3 Nd6 14. Re1 Bf5 15. Bf1 Re8 16. Nh4 Bd7 17. Nhf3 b5 18. a4 b4 19. c4 Nf5 20. cxd5 Ncxd4 21. Nxd4 Bxd4 22. Bxd4 Nxd4 23. Bc4 e5 24. Nf3 Nxf3+ 25. Qxf3 Kg7 26. Qg3 Qf6 27. Re3 Qd6 28. Rae1 f6 29. Qh4 Re7 30. Rg3 Rce8 31. Qe4 f5 32. Qc2 f4 33. Rd3 Bf5 34. Qd2 Bxd3 35. Qxd3 e4 36. Qd4+ Qf6 37. Qc5 e3 38. f3 Qb6 39. Qxb6 axb6 40. Re2 Kf6 41. Kh2 g5 42. h4 h6 43. Kh3 Rg7 44. g4 Rd8 45. h5 Ke5 46. Kg2 Kd4 47. Kf1 Kc3 48. Ke1 Rgd7 49. Ra2 Rc7 50. Ke2 Rxc4 51. bxc4 b3 52. Ra1 Kxc4 53. Rc1+ Kb4 54. Rd1 Kxa4 55. d6 b2 56. Rb1 Kb3 57. Kd3 Rxd6+ 58. Ke4 Kc2 59. Re1 b1=Q 60. Re2+ Kc3+ 61. Ke5 Qb5+ 62. Kxd6 Qxe2 63. Ke7 Qxf3 64. Kf6 Qxg4 65. Kg7 Qxh5 0-1


[Site "https://www.chess.com"]

[Event "Titled Tuesday Blitz March 28 Late 2023"]
[White "Foerster-Yialamas, Lucas"]
[Black "Zwirs, Nico"]
[WhiteFideId "30901774"]
[BlackFideId "1036432"]
[WhiteElo "2067"]
[BlackElo "2381"]
[Result "0-1"]
[Round "05"]
[TimeControl "180+2"]
[Date "2023.03.28"]
[WhiteClock "0:00:04"]
[BlackClock "0:00:03"]

1. d4 Nf6 2. Nf3 d5 3. Bf4 c5 4. dxc5 e6 5. e3 Bxc5 6. Bb5+ Nc6 7. Ne5 Qb6 8. Nc3 O-O 9. O-O Ne4 10. Nxe4 Qxb5 11. Nxc5 Qxc5 12. Nxc6 Qxc6 13. Qd4 f6 14. Bg3 e5 15. Qd3 Be6 16. Rfd1 Rac8 17. Rac1 b5 18. c3 a5 19. a3 Rfd8 20. f4 Bg4 21. Re1 e4 22. Qd4 Qb7 23. b4 Rc4 24. Qd2 a4 25. h3 Bh5 26. Bh4 Rdc8 27. g4 Bf7 28. Re2 Qc6 29. Be1 f5 30. g5 Bh5 31. Rg2 Bf3 32. Rg3 Kf7 33. h4 Rd8 34. Bf2 Rd6 35. Rh3 Bg4 36. Rh2 Bh5 37. Rg2 Kg6 38. Kh2 Rd7 39. Rgg1 Rc7 40. Be1 Qe6 41. Bf2 Bg4 42. Rge1 Qc6 43. Kg3 Kf7 44. Rg1 Ke6 45. Be1 Bf3 46. Kh3 Kd7 47. Kh2 Kc8 48. Kh3 Kb7 49. Kh2 Qe6 50. Bf2 R7c6 51. Kh3 Bg4+ 52. Kh2 h6 53. gxh6 gxh6 54. Rg2 Kc7 55. Rgg1 Kd6 56. Rg2 Qf6 57. Be1 Ke6 58. Rg1 Rd6 59. Qf2 Kf7 60. Rg2 Kg8 61. Rg1 Kh7 62. Rg2 Rd7 63. Rg1 Rg7 64. Rg2 Rc8 65. Bd2 Rcg8 66. Rcg1 Rc8 67. Rg3 Qxh4+ 68. Kg2 Bf3+ 69. Kf1 Bg4 70. R3g2 Qf6 71. Rg3 Qc6 72. Qh2 Rcg8 73. Qh4 Rg6 74. Qe7+ R8g7 75. Qe5 Qc4+ 76. Ke1 Qe2# 0-1


[Site "https://www.chess.com"]

[Event "Titled Tuesday Blitz March 28 Late 2023"]
[White "Melikyan, Gnel"]
[Black "Goraj, Barbara"]
[WhiteFideId "54109990"]
[BlackFideId "21816166"]
[WhiteElo "2138"]
[BlackElo "2074"]
[Result "1-0"]
[Round "05"]
[TimeControl "180+2"]
[Date "2023.03.28"]
[WhiteClock "0:00:16"]
[BlackClock "0:00:29"]

1. Na3 e6 2. Nc4 d5 3. Ne5 Nd7 4. Nxd7 Bxd7 5. Nh3 c5 6. Nf4 Nf6 7. g3 Be7 8. Bg2 O-O 9. O-O Rc8 10. b3 Bc6 11. Bb2 b6 12. e3 h6 13. d4 Ne4 14. Bxe4 dxe4 15. dxc5 Bxc5 16. h4 Qe7 17. Qg4 e5 18. Ne2 f5 19. Qh3 Rf6 20. Rad1 Rcf8 21. c4 Rg6 22. Kh2 Rg4 23. Rd2 Kf7 24. Rfd1 Rh8 25. Nc3 Kg8 26. Nd5 Qe6 27. b4 Bf8 28. b5 Bb7 29. a4 g5 30. h5 Rh7 31. Bc3 Bc8 32. Ba1 f4 33. Qxg4 Qxg4 34. Nf6+ Kf7 35. Nxg4 Bxg4 36. Bxe5 Bxd1 37. Rxd1 Ke6 38. gxf4 gxf4 39. Bxf4 Bc5 40. Rd8 Kf5 41. Re8 Kg4 42. Rxe4 Kxh5 43. Re6 Kg4 44. Rxh6 Rxh6+ 45. Bxh6 Kf3 46. Kg1 Bb4 47. Kf1 Bc5 48. Bf4 Bb4 49. Bg3 Bc5 50. Bb8 Ke4 51. Bxa7 Kd3 52. a5 Kxc4 53. Bxb6 Bd6 54. a6 Kxb5 55. a7 1-0


[Site "https://www.chess.com"]

[Event "Titled Tuesday Blitz March 28 Late 2023"]
[White "Di Berardino, Diego Rafael"]
[Black "ArtemDyachuk"]
[WhiteFideId "2105446"]
[WhiteElo "2432"]
[BlackElo "2382"]
[Result "0-1"]
[Round "05"]
[TimeControl "180+2"]
[Date "2023.03.28"]
[WhiteClock "0:00:09"]
[BlackClock "0:00:04"]

1. e4 c6 2. d4 d5 3. exd5 cxd5 4. Nf3 Nf6 5. Ne5 Nc6 6. Bb5 Bd7 7. Nxd7 Qxd7 8. c3 e6 9. O-O Bd6 10. Nd2 O-O 11. Nf3 a6 12. Bd3 Ne4 13. Be3 f5 14. Ne1 Qf7 15. f3 Qh5 16. g3 Nxg3 17. hxg3 Bxg3 18. Rf2 Bxf2+ 19. Bxf2 Rf6 20. Bf1 Ne7 21. Nd3 Rh6 22. Bg2 Rf8 23. f4 Qh2+ 24. Kf1 Rff6 25. Qf3 Rfg6 26. Re1 Rg4 27. Bg1 Qh4 28. Bf2 Qh2 29. a4 Nc8 30. Nc5 Nd6 31. Rxe6 Rxe6 32. Nxe6 Ne4 33. Be1 h5 34. c4 dxc4 35. d5 h4 36. Qe3 Ng3+ 37. Bxg3 Rxg3 38. Qg1 Qxg1+ 39. Kxg1 h3 40. d6 Rxg2+ 41. Kf1 Rd2 42. d7 h2 43. d8=Q+ Rxd8 44. Kg2 Rd2+ 45. Kh1 Rxb2 46. Nd4 c3 47. a5 Rd2 48. Nf3 Kf7 0-1


[Site "https://www.chess.com"]

[Event "Titled Tuesday Blitz March 28 Late 2023"]
[White "Ansh M Shah"]
[Black "Zeynalli, Rashad"]
[WhiteFideId "25033379"]
[BlackFideId "13403320"]
[WhiteElo "2084"]
[BlackElo "2125"]
[Result "1-0"]
[Round "05"]
[TimeControl "180+2"]
[Date "2023.03.28"]
[WhiteClock "0:00:10"]
[BlackClock "0:01:05"]

1. d4 f5 2. Bg5 g6 3. h4 Bg7 4. h5 h6 5. Bc1 g5 6. e3 Nf6 7. Nf3 d6 8. Be2 Nc6 9. b3 e5 10. dxe5 dxe5 11. Qxd8+ Kxd8 12. Bb2 Ne4 13. Nbd2 Nxd2 14. Nxd2 Be6 15. O-O-O Ke7 16. Bc4 Rad8 17. Bxe6 Kxe6 18. Nf3 Bf6 19. c4 e4 20. Bxf6 Kxf6 21. Nd4 Nxd4 22. exd4 f4 23. Kc2 c6 24. Kc3 g4 25. Rde1 Rde8 26. d5 cxd5 27. cxd5 Ke5 28. Rh4 Rhg8 29. f3 gxf3 30. gxf3 e3 31. d6 Rd8 32. Rd1 Rc8+ 33. Kb4 e2 34. Re1 Rc2 35. d7 Rxa2 36. Rh2 Rd8 37. Rhxe2+ Rxe2 38. Rxe2+ Kf6 39. Re4 Kg5 40. Re5+ Kh4 41. Re7 Kg3 42. Kc4 Kxf3 43. Kd5 Kg2 44. Kd6 f3 45. Kc7 Rxd7+ 46. Rxd7 f2 47. Rg7+ Kh3 48. Rf7 Kg2 49. Kxb7 f1=Q 50. Rxf1 Kxf1 51. Kxa7 Ke2 52. b4 Kf3 53. b5 Kg4 54. b6 Kxh5 55. b7 Kg4 56. b8=Q h5 57. Qh2 h4 58. Kb6 1-0


[Site "https://www.chess.com"]

[Event "Titled Tuesday Blitz March 28 Late 2023"]
[White "Fan_Of_Chucky"]
[Black "Defend1r"]
[WhiteElo "2366"]
[BlackElo "2544"]
[Result "1-0"]
[Round "05"]
[TimeControl "180+2"]
[Date "2023.03.28"]
[WhiteClock "0:00:10"]
[BlackClock "0:00:08"]

1. d4 Nf6 2. c4 e6 3. Nf3 b6 4. a3 Ba6 5. Qc2 Bb7 6. Nc3 c5 7. e4 cxd4 8. Nxd4 Bc5 9. Nf3 Ng4 10. Bg5 f6 11. Bh4 Nc6 12. b4 Nd4 13. Qb2 Nxf3+ 14. gxf3 Ne5 15. Be2 Bd4 16. Rd1 Bxc3+ 17. Qxc3 Qc7 18. Bg3 O-O 19. Qd4 Rad8 20. Qd6 Qc8 21. Bxe5 fxe5 22. Rg1 Rf7 23. Qxe5 Qb8 24. Qxb8 Rxb8 25. Rd6 Kf8 26. Rd2 Rc8 27. Rg3 g6 28. Bd3 Ke7 29. Ke2 d6 30. Rh3 Rcf8 31. Ke3 Bc8 32. Rg3 e5 33. Rc2 Be6 34. c5 dxc5 35. bxc5 bxc5 36. Rxc5 Kd6 37. Ra5 Rb8 38. Ra6+ Rb6 39. Rxb6+ axb6 40. Rg1 Ra7 41. Rb1 Kc7 42. Rc1+ Kd8 43. Rc3 Ra4 44. Bb5 Ra5 45. Bc6 Ke7 46. Rd3 Bc4 47. Rc3 b5 48. Bd5 Bxd5 49. exd5 Kd6 50. Rd3 Ra4 51. Rb3 Kxd5 52. Rxb5+ Ke6 53. Rb3 Kf5 54. Rc3 g5 55. Rd3 h5 56. Rc3 Rh4 57. Rb3 Rxh2 58. a4 Rh1 59. Ra3 Rc1 60. a5 Rc8 61. Ke2 Rc7 62. Ra4 Ra7 63. Kf1 Ke6 64. Kg2 Kd5 65. a6 Kc6 66. Ra5 Kd6 67. Kg3 Ke6 68. Ra4 Kd5 69. Ra5+ Kd4 70. Ra4+ Kc3 71. Ra5 Kd4 72. Ra4+ Kd5 73. Ra5+ Ke6 74. Ra4 Kf5 75. Ra5 h4+ 76. Kg2 Kf4 77. Ra4+ Kf5 78. Kh3 Kf6 79. Kg4 Kg6 80. Ra5 Kf6 81. Ra4 Kg6 82. Ra5 Kf6 83. Ra2 Ra8 84. a7 Kg6 85. Ra6+ Kf7 86. Kxg5 h3 87. Kf5 Kg7 88. Kxe5 h2 89. Ra1 Rxa7 90. Rxa7+ Kg6 91. Ra1 Kg5 92. Rh1 Kh4 93. Rxh2+ Kg5 94. f4+ Kg6 95. f5+ Kg7 96. Ke6 Kg8 97. f6 Kf8 98. Rh8# 1-0


[Site "https://www.chess.com"]

[Event "Titled Tuesday Blitz March 28 Late 2023"]
[White "Skibbe, Willi"]
[Black "Sanchez Alvares, Kelvin Antonio"]
[WhiteFideId "4682190"]
[BlackFideId "3906680"]
[WhiteElo "2321"]
[BlackElo "2217"]
[Result "0-1"]
[Round "05"]
[TimeControl "180+2"]
[Date "2023.03.28"]
[WhiteClock "0:00:20"]
[BlackClock "0:00:23"]

1. d4 d5 2. Nf3 Nf6 3. e3 c5 4. dxc5 e6 5. a3 Bxc5 6. b4 Be7 7. Bb2 O-O 8. c4 dxc4 9. Qxd8 Rxd8 10. Bxc4 Nbd7 11. O-O b6 12. Nc3 Bb7 13. Rac1 a5 14. bxa5 Rxa5 15. Nb5 Ba6 16. Nfd4 Rc8 17. Be2 Nc5 18. Bc3 Bxb5 19. Nxb5 Raa8 20. Bb4 Nd5 21. Bf3 Rd8 22. Bxd5 exd5 23. Rfd1 Rac8 24. Kf1 Bf8 25. Nc3 Nb3 26. Rb1 Bxb4 27. Nxd5 Nd2+ 28. Rxd2 Bxd2 29. Ne7+ Kf8 30. Nxc8 Rxc8 31. Rxb6 Ra8 32. Ke2 Ba5 33. Rb3 Bd8 34. Kd3 Be7 35. Ke4 g6 36. a4 Rxa4+ 37. Kf3 Ra5 38. g4 h6 39. h3 h5 40. Rb2 hxg4+ 41. hxg4 Kg7 42. Kg3 Bf6 43. Rc2 Ra3 44. Re2 g5 45. f3 Be5+ 46. Kf2 Rb3 47. Rc2 Rb2 48. Rxb2 Bxb2 49. f4 Kf6 50. Kf3 Bc1 51. Ke4 Kg6 52. Kf3 f6 53. Ke4 Kf7 54. Kd4 gxf4 55. exf4 Bxf4 56. Ke4 Bg5 57. Kf5 Kg7 58. Ke4 Kf8 59. Kf3 Ke7 60. Ke4 Ke6 61. Kf3 Ke5 62. Kg3 Ke4 63. Kh3 Kf3 0-1


[Site "https://www.chess.com"]

[Event "Titled Tuesday Blitz March 28 Late 2023"]
[White "a-z30"]
[Black "Wu, Sibo"]
[BlackFideId "8606048"]
[WhiteElo "2502"]
[BlackElo "2278"]
[Result "1/2-1/2"]
[Round "05"]
[TimeControl "180+2"]
[Date "2023.03.28"]
[WhiteClock "0:00:07"]
[BlackClock "0:00:13"]

1. d3 d5 2. Nf3 Nf6 3. g3 c6 4. Bg2 h5 5. Bg5 Bf5 6. O-O Nbd7 7. c4 e6 8. cxd5 cxd5 9. e4 dxe4 10. Nd4 Nc5 11. dxe4 Bxe4 12. Bxf6 gxf6 13. Bxe4 Nxe4 14. Qa4+ Qd7 15. Nb5 Rc8 16. Qxe4 Qxb5 17. Nc3 Qc6 18. Qf4 Bg7 19. Ne4 e5 20. Qf5 O-O 21. Rac1 Qe6 22. Qxh5 f5 23. Nc5 Qg6 24. Qxg6 fxg6 25. Nxb7 Rb8 26. Rc7 Rf7 27. Rxf7 Kxf7 28. Nd6+ Ke6 29. Nc4 e4 30. b3 Rd8 31. Rc1 Bd4 32. Rc2 g5 33. h3 f4 34. Kg2 f3+ 35. Kf1 Rh8 36. Rd2 Bc5 37. h4 gxh4 38. gxh4 Rxh4 39. Kg1 Rg4+ 40. Kf1 Rh4 41. Kg1 Rg4+ 42. Kf1 Rh4 1/2-1/2


[Site "https://www.chess.com"]

[Event "Titled Tuesday Blitz March 28 Late 2023"]
[White "koncheto"]
[Black "Fernandez Sanchez, Mario Andres"]
[BlackFideId "6501621"]
[WhiteElo "2474"]
[BlackElo "2050"]
[Result "1/2-1/2"]
[Round "05"]
[TimeControl "180+2"]
[Date "2023.03.28"]
[WhiteClock "0:00:54"]
[BlackClock "0:01:21"]

1. e4 c5 2. Nf3 Nc6 3. d4 cxd4 4. Nxd4 g6 5. c4 Bg7 6. Be3 Nf6 7. Nc3 O-O 8. Be2 d6 9. O-O Bd7 10. Nc2 a6 11. Qd2 Rc8 12. Rac1 Be6 13. b3 Nd7 14. Rfd1 Re8 15. f4 Qa5 16. Nd4 Nxd4 17. Bxd4 Bxd4+ 18. Qxd4 Qc5 19. Kf2 a5 20. Qxc5 Nxc5 21. Ke3 f5 22. Bf3 Kf7 23. h4 Kf6 24. g3 b6 25. Ne2 fxe4 26. Bxe4 Nxe4 27. Kxe4 Bg4 28. Rd2 Bxe2 29. Rxe2 Rc5 30. Rce1 e5 31. Kf3 Rd8 32. g4 h6 33. Rd1 exf4 34. Kxf4 b5 35. Rd4 g5+ 36. hxg5+ hxg5+ 37. Kg3 bxc4 38. bxc4 d5 1/2-1/2


[Site "https://www.chess.com"]

[Event "Titled Tuesday Blitz March 28 Late 2023"]
[White "Kohler, Aran"]
[Black "Pires, Marcos Vinicius Torsani"]
[WhiteFideId "1002856"]
[BlackFideId "2118939"]
[WhiteElo "2306"]
[BlackElo "2273"]
[Result "0-1"]
[Round "05"]
[TimeControl "180+2"]
[Date "2023.03.28"]
[WhiteClock "0:00:01"]
[BlackClock "0:00:10"]

1. d4 Nf6 2. Bg5 e6 3. e3 h6 4. Bh4 b6 5. Nd2 Bb7 6. Ngf3 Be7 7. Bd3 d6 8. c3 Nbd7 9. a4 a6 10. h3 e5 11. dxe5 dxe5 12. Bf5 g6 13. Bxf6 Nxf6 14. Bc2 e4 15. Nd4 c5 16. Ne2 Bd6 17. O-O O-O 18. Ng3 Bxg3 19. fxg3 Qe7 20. Qe1 Rad8 21. Nc4 b5 22. axb5 axb5 23. Nd2 Ra8 24. Qf2 Kg7 25. g4 Qe5 26. Qf4 Qxf4 27. exf4 Rfd8 28. Nb3 Bc6 29. Nxc5 Rd2 30. Rxa8 Bxa8 31. Rf2 Rd5 32. Nxe4 Nxe4 33. Bxe4 Rd1+ 34. Rf1 Rxf1+ 35. Kxf1 Bxe4 36. g3 Kf6 37. Kf2 Ke6 38. Ke3 Bd5 39. Kd4 Kd6 40. b4 Bc4 41. h4 h5 42. gxh5 gxh5 43. Ke4 Ke6 44. f5+ Kf6 45. Kf4 Bd3 46. g4 hxg4 47. Kxg4 Bxf5+ 48. Kf4 Bg6 49. Ke3 Ke5 50. Kf3 Bh5+ 51. Ke3 f5 0-1


[Site "https://www.chess.com"]

[Event "Titled Tuesday Blitz March 28 Late 2023"]
[White "ilya2700"]
[Black "Liu, Casper"]
[BlackFideId "1454153"]
[WhiteElo "2231"]
[BlackElo "2221"]
[Result "1-0"]
[Round "05"]
[TimeControl "180+2"]
[Date "2023.03.28"]
[WhiteClock "0:00:08"]
[BlackClock "0:00:12"]

1. e4 c5 2. c4 g6 3. Ne2 Bg7 4. d4 cxd4 5. Nxd4 Nc6 6. Be3 Nf6 7. Nc3 O-O 8. Be2 Qa5 9. O-O a6 10. f4 e5 11. Nb3 Qc7 12. Nd5 Qd8 13. Bb6 Nxd5 14. Bxd8 Ne3 15. Qc1 Nxf1 16. Bb6 exf4 17. Qxf1 Bxb2 18. Rd1 Be5 19. Nc5 d6 20. Nd3 Be6 21. Nxf4 Rac8 22. Kh1 Nb4 23. Nd5 Bxd5 24. exd5 Nxa2 25. Bd4 Rfe8 26. Bxe5 Rxe5 27. Qf3 a5 28. Ra1 Nb4 29. Rxa5 Rce8 30. Bf1 Re1 31. c5 Nxd5 32. cxd6 Ne3 33. d7 Rd8 34. Re5 Rxd7 35. Rxe3 Ra1 36. Re2 b5 37. Rf2 b4 38. Qb3 Rdd1 39. Kg1 Rab1 40. Qxf7+ Kh8 41. Qf8# 1-0


[Site "https://www.chess.com"]

[Event "Titled Tuesday Blitz March 28 Late 2023"]
[White "Bongo Akanga Ndjila, Barthelemy"]
[Black "Villiers, Thomas"]
[WhiteFideId "10609431"]
[BlackFideId "427209"]
[WhiteElo "1768"]
[BlackElo "2164"]
[Result "0-1"]
[Round "05"]
[TimeControl "180+2"]
[Date "2023.03.28"]
[WhiteClock "0:00:09"]
[BlackClock "0:00:21"]

1. d4 Nf6 2. c4 e6 3. Nf3 c5 4. d5 b5 5. e4 Nxe4 6. cxb5 Bb7 7. dxe6 fxe6 8. Bd3 Be7 9. O-O O-O 10. Re1 d5 11. Nc3 Bh4 12. Bxe4 dxe4 13. Qxd8 Bxd8 14. Nxe4 Ba5 15. Bd2 Bxe4 16. Rxe4 Rxf3 17. Bxa5 Rd3 18. Rxe6 Nd7 19. Rae1 Nf6 20. Bc3 Nd5 21. Rd6 c4 22. Ba5 Nf4 23. Rc6 Rd5 24. Rxc4 Nd3 25. Rd1 Re8 26. Bc3 Nxb2 27. Rxd5 Nxc4 28. g3 Nb6 29. Rc5 Na4 30. Rc7 Nxc3 31. Rxc3 Re2 32. a4 Ra2 33. Rc4 h6 34. Rb4 Kh7 35. Kg2 Kg6 36. h4 h5 37. Kf3 Kf6 38. Kf4 Rxf2+ 39. Ke3 Ra2 40. Rc4 Ke6 41. Kf4 Ra3 42. Rc6+ Kd5 43. Ra6 Rb3 44. Rxa7 Rb4+ 45. Kg5 Rg4+ 46. Kxh5 Rxg3 47. a5 Ke5 48. b6 Kf6 49. Ra8 Rb3 50. Rf8+ Ke7 51. Rb8 Kf6 52. b7 Rb4 53. a6 g6+ 54. Kh6 Rxh4# 0-1


[Site "https://www.chess.com"]

[Event "Titled Tuesday Blitz March 28 Late 2023"]
[White "Quinones Garcia, Santiago"]
[Black "Bullen, Alex"]
[WhiteFideId "4408497"]
[BlackFideId "1801627"]
[WhiteElo "2263"]
[BlackElo "2088"]
[Result "0-1"]
[Round "05"]
[TimeControl "180+2"]
[Date "2023.03.28"]
[WhiteClock "0:00:01"]
[BlackClock "0:00:17"]

1. d4 d5 2. c4 e6 3. Nc3 h6 4. Nf3 Nf6 5. cxd5 exd5 6. Bf4 Bd6 7. Bxd6 Qxd6 8. e3 O-O 9. Bd3 c6 10. h3 Re8 11. Qc2 Nh5 12. O-O Nd7 13. Rfb1 a5 14. a3 Nb6 15. Ra2 Be6 16. b4 axb4 17. axb4 Nf6 18. b5 c5 19. dxc5 Qxc5 20. Nd4 Rxa2 21. Nxa2 Qxc2 22. Bxc2 Ne4 23. Bd3 Nd2 24. Rc1 Ndc4 25. Nc3 Rc8 26. Nce2 Bd7 27. Nf4 Ne5 28. Rxc8+ Bxc8 29. Be2 Bd7 30. Kf1 g5 31. Nh5 Kf8 32. Ke1 Ke7 33. Kd2 Kd6 34. Kc3 Na4+ 35. Kb4 Nb2 36. f4 gxf4 37. exf4 Nec4 38. Ng3 Ne3 39. Bf3 b6 40. Kc3 Na4+ 41. Kb4 Nc5 42. Nh5 Nd3+ 43. Kc3 Nc5 44. g3 Na4+ 45. Kb4 Nb2 46. Ng7 Nd3+ 47. Kc3 Ne1 48. Be2 N1g2 49. Kb4 Bxh3 0-1


[Site "https://www.chess.com"]

[Event "Titled Tuesday Blitz March 28 Late 2023"]
[White "Skaric, Djuro"]
[Black "Estrada Nieto, Julian"]
[WhiteFideId "934569"]
[BlackFideId "5101018"]
[WhiteElo "2282"]
[BlackElo "2176"]
[Result "1-0"]
[Round "05"]
[TimeControl "180+2"]
[Date "2023.03.28"]
[WhiteClock "0:01:19"]
[BlackClock "0:00:06"]

1. g3 d5 2. Bg2 Nf6 3. d3 g6 4. Nf3 Bg7 5. O-O O-O 6. Nc3 d4 7. Ne4 Nxe4 8. dxe4 Nc6 9. Ne1 e5 10. Nd3 f5 11. exf5 Bxf5 12. e4 dxe3 13. Bxe3 Bxd3 14. Qxd3 Qxd3 15. cxd3 Rad8 16. Rac1 Rxd3 17. Bxc6 bxc6 18. Rxc6 e4 19. b3 Bd4 20. Bf4 Bb6 21. Kg2 Rf3 22. Re6 g5 23. Rxe4 Rxf2+ 24. Rxf2 Bxf2 25. Kxf2 gxf4 26. gxf4 Rf5 27. Kf3 Rh5 28. Kg3 a5 29. Rc4 c5 30. Kg4 Rd5 31. Ra4 Rd2 32. h4 Rc2 33. Rxa5 Kf7 34. Ra6 Rg2+ 35. Kf5 Rh2 36. Ra7+ Kg8 37. Kf6 h5 38. Kg6 Kf8 39. f5 Rxh4 40. Kf6 Ke8 41. Rc7 Rh1 42. Rxc5 h4 43. Rc8+ Kd7 44. Rh8 h3 45. Kf7 Kd6 46. f6 Ke5 47. b4 Rf1 48. Rh5+ Kd4 49. Rxh3 Kc4 50. Rb3 Kb5 51. Kg7 Rg1+ 52. Kf8 Ra1 53. a3 Re1 54. f7 Kc4 55. Rg3 Rf1 56. Kg7 1-0


[Site "https://www.chess.com"]

[Event "Titled Tuesday Blitz March 28 Late 2023"]
[White "Ipek, Egehan"]
[Black "Golubev, Mikhail"]
[WhiteFideId "44523793"]
[BlackFideId "14100983"]
[WhiteElo "1948"]
[BlackElo "2374"]
[Result "0-1"]
[Round "05"]
[TimeControl "180+2"]
[Date "2023.03.28"]
[WhiteClock "0:00:02"]
[BlackClock "0:00:05"]

1. d4 Nf6 2. c4 g6 3. Nc3 Bg7 4. e4 d6 5. h3 Nbd7 6. Be3 e5 7. d5 Nc5 8. Qc2 Nh5 9. b4 Na6 10. a3 f5 11. exf5 gxf5 12. Be2 Nf4 13. Bf3 Ng6 14. Rc1 O-O 15. Nge2 Nh4 16. Rg1 Kh8 17. Bh5 f4 18. Bd2 Qg5 19. Bf3 Bxh3 20. Ne4 Qg6 21. c5 Bxg2 22. Bxg2 Nxg2+ 23. Kf1 f3 24. N2g3 dxc5 25. Nxc5 Qxc2 26. Rxc2 Nxc5 27. Rxc5 c6 28. dxc6 bxc6 29. Bc3 Rad8 30. Rxg2 Rd1+ 31. Be1 fxg2+ 32. Kxg2 Rxe1 0-1


[Site "https://www.chess.com"]

[Event "Titled Tuesday Blitz March 28 Late 2023"]
[White "Dardha, Arben"]
[Black "Gasparyan, David"]
[WhiteFideId "4700481"]
[BlackFideId "13311980"]
[WhiteElo "2196"]
[BlackElo "2472"]
[Result "0-1"]
[Round "05"]
[TimeControl "180+2"]
[Date "2023.03.28"]
[WhiteClock "0:00:19"]
[BlackClock "0:00:34"]

1. e4 c5 2. Nf3 Nf6 3. e5 Nd5 4. d4 cxd4 5. c4 Nc7 6. Nxd4 g6 7. f4 Nc6 8. Nxc6 bxc6 9. Nc3 Ne6 10. Bd3 Bg7 11. O-O O-O 12. Kh1 Rb8 13. b3 d6 14. Re1 dxe5 15. fxe5 Qa5 16. Bd2 Qc7 17. Qe2 Rd8 18. Rad1 Nc5 19. Bc2 Be6 20. Bf4 Qa5 21. Ne4 Nxe4 22. Bxe4 Bxe5 23. Bxe5 Qxe5 24. Rxd8+ Rxd8 25. h3 c5 26. Qf2 Qd4 27. Qf3 Qd2 28. Re2 Qc1+ 29. Kh2 Rd1 30. Bd5 Rh1+ 31. Kg3 Qg5+ 32. Kf2 Qh4+ 33. g3 Qd4+ 34. Qe3 Rh2+ 35. Kf3 Bxd5+ 36. cxd5 Qxd5+ 37. Qe4 Qh5+ 38. Qg4 Rxe2 39. Qxh5 gxh5 40. Kxe2 f5 41. Kd3 e5 42. Kc4 h4 43. gxh4 f4 44. b4 cxb4 45. Kxb4 f3 46. Kc3 e4 47. Kd2 h5 48. Ke3 Kf7 49. a4 Ke6 50. a5 a6 51. Kxe4 f2 52. Kf4 f1=Q+ 53. Kg5 Qg2+ 54. Kh6 Kf7 0-1


[Site "https://www.chess.com"]